 Dungeon Crawl Stone Soup version 0.31-a0-844-gdc52ec4e09 (webtiles) character file.

Game seed: 9144049593918207613

1753834 Midn8 the Earth Mage (level 26, 261/261 HPs)
             Began as a Naga Ice Elementalist on Sept 29, 2023.
             Was a High Priest of Cheibriados.
             Escaped with the Orb
             ... and 3 runes!
             The game lasted 04:25:25 (59731 turns).

Midn8 the Earth Mage (Naga Ice Elementalist)       Turns: 59731, Time: 04:25:26

Health: 261/261    AC: 43    Str: 29    XL:     26   Next: 35%
Magic:  40/40      EV: 21    Int: 41    God:    Cheibriados [*****.]
Gold:   3047       SH: 28    Dex: 29    Spells: 2/51 levels left

rFire   + . .        a - +7 demon whip (flame)
rCold   + + .        P - +2 tower shield {AC+3}
rNeg    + + .        L - +3 troll leather armour
rPois   +            l - +1 helmet of the Hidden Geomancers {rPois rCorr Int+5 Dex-5}
rElec   +            d - +1 cloak of Starlight {*Dazzle EV+4 Stlth--}
rCorr   +            y - +3 pair of gauntlets of War {Slay+5}
SInv    +            n - +5 barding "Xuot Doa" {rF+ rN++ rCorr Stlth+}
Will    ++++.        B - amulet of reflection
Stlth   +            Z - ring of the Final Chapter {rC+ Str+6 Dex+6}
HPRegen 0.00/turn    X - ring of Kuraxagi {rElec rC+ Will+ AC+4 Str-2}
MPRegen 0.27/turn

%: reflection
@: inhibited regen, very slow
A: AC +8, large, see invisible, deformed body, poison resistance, slowness 2,
spit poison 1, naga tail 2, iridescent scales 1, inhibited regeneration
0: Orb of Zot
}: 3/15 runes: decaying, serpentine, silver
a: Spit Poison, Renounce Religion, Bend Time, Temporal Distortion, Slouch, Step
From Time


You escaped.
You worshipped Cheibriados.
Cheibriados was extremely pleased with you.
You visited 10 branches of the dungeon, and saw 48 of its levels.
You also visited: Trove and Sewer.

You collected 7240 gold pieces.
You spent 4193 gold pieces at shops.

Inventory:

Hand Weapons
 a - a +7 demon whip of flaming (weapon)
 q - a +3 eveningstar of protection
Missiles
 f - 5 silver javelins
 k - 3 throwing nets
 s - 9 curare-tipped darts
 t - 33 boomerangs
 u - 31 poisoned darts (quivered)
 I - 21 javelins
Armour
 d - the +1 cloak of Starlight (worn) {*Dazzle EV+4 Stlth--}
   (You found it in a treasure trove)

   *Dazzle:   It may blind those who miss an attack against the wearer in melee
   combat.
   EV+4:      It affects your evasion (+4).
   Stlth--:   It makes you much less stealthy.
 l - the +1 helmet of the Hidden Geomancers (worn) {rPois rCorr Int+5 Dex-5}
   (You found it in a treasure trove)

   Int+5:     It affects your intelligence (+5).
   Dex-5:     It affects your dexterity (-5).
   rPois:     It protects you from poison rCorr: It protects you from acid and
   corrosion.
 n - the +5 barding "Xuot Doa" (worn) {rF+ rN++ rCorr Stlth+}
   (You acquired it on level 5 of the Vaults)

   rF+:       It protects you from fire.
   rN++:      It greatly protects you from negative energy.
   rCorr:     It protects you from acid and corrosion.
   Stlth+:    It makes you more stealthy.
 y - the +3 pair of gauntlets of War (worn) {Slay+5}
   (You found it on level 3 of the Elven Halls)

   Slay+5:    It affects your accuracy & damage with ranged weapons and melee
   (+5).
 L - a +3 troll leather armour (worn)
 P - a +2 tower shield of protection (worn)
Magical Staves
 b - the staff "Leiw" {Fly rN+ Will+ Dex+4 Earth}
   (You found it on level 3 of the Elven Halls)

   [staff of earth]

   Base accuracy: +5 Base damage: 5 Base attack delay: 1.2 This weapon's minimum
   attack delay (0.6) is reached at skill level 12.
   Dex+4:     It affects your dexterity (+4).
   rN+:       It protects you from negative energy.
   Will+:     It increases your willpower.
   Fly:       It grants you flight.
   Earth:     It increases the power of your Earth spells.
   It falls into the 'Staves' category.
   It is a one-handed weapon.
Jewellery
 r - a ring of magical power
 B - an amulet of reflection (around neck)
 Q - the ring of Xatzesas {rElec rN+ rCorr Dex+6}
   (You bought it in a shop on level 2 of the Orcish Mines)

   [ring of dexterity]

   Dex+6:     It affects your dexterity (+6).
   rElec:     It insulates you from electricity.
   rN+:       It protects you from negative energy.
   rCorr:     It protects you from acid and corrosion.
 X - the ring of Kuraxagi (right hand) {rElec rC+ Will+ AC+4 Str-2}
   (You bought it in a shop on level 2 of the Orcish Mines)

   [ring of protection]

   AC+4:      It affects your AC (+4).
   Str-2:     It affects your strength (-2).
   rC+:       It protects you from cold.
   rElec:     It insulates you from electricity.
   Will+:     It increases your willpower.
 Z - the ring of the Final Chapter (left hand) {rC+ Str+6 Dex+6}
   (You acquired it on level 5 of the Vaults)

   [ring of dexterity]

   Str+6:     It affects your strength (+6).
   Dex+6:     It affects your dexterity (+6).
   rC+:       It protects you from cold.
Wands
 m - a wand of iceblast (50)
 p - a wand of quicksilver (25)
 A - a wand of paralysis (39)
 H - a wand of mindburst (39)
 R - a wand of polymorph (25)
 T - a wand of digging (11)
Scrolls
 g - 15 scrolls of teleportation
 h - 6 scrolls of summoning
 i - 4 scrolls of blinking
 v - 11 scrolls of poison
 x - 3 scrolls of silence
 G - 4 scrolls of fear
 J - 8 scrolls of amnesia
 U - 10 scrolls of vulnerability
 W - 2 scrolls of fog
Potions
 c - 27 potions of curing
 e - 7 potions of berserk rage
 o - 2 potions of heal wounds
 w - 3 potions of ambrosia
 z - 7 potions of brilliance
 C - 11 potions of enlightenment
 D - 3 potions of cancellation
 K - 2 potions of might
 N - 3 potions of magic
 O - 4 potions of invisibility
 S - 3 potions of attraction
 V - 2 potions of resistance
 Y - 2 potions of mutation
Miscellaneous
 j - a phial of floods
 E - a sack of spiders
 F - a condenser vane
 M - a lightning rod (4/4)


   Skills:
 - Level 20.0 Fighting
 - Level 12.0 Maces & Flails
 - Level 9.0 Armour
 - Level 10.9 Dodging
 - Level 4.0 Stealth
 - Level 12.0 Shields
 - Level 13.2 Spellcasting
 - Level 19.0 Conjurations
 - Level 10.6 Summonings
 - Level 8.0 Translocations
 - Level 4.0 Transmutations
 - Level 10.0 Ice Magic
 + Level 20.9 Earth Magic
 - Level 10.0 Invocations
 - Level 10.0 Evocations


You had 2 spell levels left.
You knew the following spells:

 Your Spells              Type           Power      Damage    Failure   Level
a - Lehudib's Crystal Sp  Conj/Erth      56%        10d13     6%          8
b - Summon Ice Beast      Ice/Summ       84%        N/A       1%          4
c - Lesser Beckoning      Tloc           100%       N/A       1%          2
d - Irradiate             Conj/Tmut      44%        3d26      1%          5
e - Summon Forest         Summ/Tloc      40%        N/A       1%          5
f - Frozen Ramparts       Ice            100%       1d16      1%          3
h - Hailstorm             Conj/Ice       98%        3d19      1%          3
p - Apportation           Tloc           100%       N/A       1%          1
r - Bombard               Conj/Erth      56%        9d9       1%          6
v - Spellforged Servitor  Conj/Summ      49%        N/A       6%          7
z - Ozocubu's Armour      Ice            83%        N/A       1%          3
B - Blink                 Tloc           100%       N/A       1%          2

Your spell library contained the following spells:

 Spells                   Type           Power      Damage    Failure   Level
 Magic Dart               Conj           100%       1d8       0%          1
 Searing Ray              Conj           100%       2d8       0%          2
 Foxfire                  Conj/Fire      100%       2x1d9     1%          1
 Freeze                   Ice            100%       1d10      1%          1
 Kiss of Death            Conj/Necr      100%       2d13      1%          1
 Summon Small Mammal      Summ           100%       N/A       1%          1
 Ensorcelled Hibernation  Hex/Ice        100%       N/A       1%          2
 Momentum Strike          Conj/Tloc      100%       3d10      1%          2
 Static Discharge         Conj/Air       100%       2-7/arc   1%          2
 Wereblood                Tmut           56%        N/A       1%          2
 Necrotise                Necr           100%       1d9       3%          1
 Cigotuvi's Dreadful Rot  Necr/Pois/Air  54%        N/A       4%          2
 Jinxbite                 Hex            54%        N/A       4%          2
 Sublimation of Blood     Necr           27%        N/A       4%          2
 Stone Arrow              Conj/Erth      100%       3d13      0%          3
 Lee's Rapid Deconstruct  Erth           57%        3d27*     0%          5
 Call Canine Familiar     Summ           85%        N/A       1%          3
 Gell's Gravitas          Tloc           75%        N/A       1%          3
 Teleport Other           Tloc           75%        N/A       1%          3
 Volatile Blastmotes      Fire/Tloc      100%       2d18      1%          3
 Animate Armour           Summ/Erth      100%       N/A       1%          4
 Flame Wave               Conj/Fire      81%        2d18      1%          4
 Fulminant Prism          Conj/Hex       40%        3d19      1%          4
 Iskenderun's Mystic Bla  Conj/Tloc      95%        2d18      1%          4
 Leda's Liquefaction      Hex/Erth       42%        N/A       1%          4
 Passage of Golubria      Tloc           75%        N/A       1%          4
 Petrify                  Tmut/Erth      92%        N/A       1%          4
 Sticky Flame             Conj/Fire      81%        2d9       1%          4
 Arcjolt                  Conj/Air       40%        1d50      1%          5
 Fireball                 Conj/Fire      40%        3d16      1%          5
 Summon Lightning Spire   Summ/Air       63%        N/A       3%          4
 Ignite Poison            Fire/Tmut/Pois 38%        N/A       6%          3
 Dimensional Bullseye     Hex/Tloc       28%        N/A       6%          4
 Vhi's Electric Charge    Tloc/Air       100%       N/A       6%          4
 Confusing Touch          Hex            27%        N/A       10%         3
 Inner Flame              Hex/Fire       27%        N/A       10%         3
 Sigil of Binding         Hex            27%        N/A       10%         3
 Tukima's Dance           Hex            27%        N/A       10%         3
 Vampiric Draining        Necr           27%        2d7       10%         3
 Starburst                Conj/Fire      40%        6d12      11%         6
 Metabolic Englaciation   Hex/Ice        31%        N/A       12%         5
 Airstrike                Air            13%        2d(2-18)  32%         4
 Anguish                  Hex/Necr       13%        N/A       32%         4
 Cause Fear               Hex            13%        N/A       32%         4
 Dispel Undead            Necr           27%        3d13      32%         4
 Summon Hydra             Summ           42%        N/A       34%         7
 Yara's Violent Unravell  Hex/Tmut       21%        3d10      38%         5
 Simulacrum               Ice/Necr       31%        N/A       54%         6
 Agony                    Necr           27%        N/A       67%         5
 Silence                  Hex/Air        13%        N/A       67%         5
 Plasma Beam              Fire/Air       13%        2x1d24    99%         6
 Ignition                 Fire           13%        3d6       100%        8
 Maxwell's Capacitive Co  Air            13%        ∞         100%        8
 Death's Door             Necr           13%        N/A       100%        9
 Dragon's Call            Summ           42%        N/A       100%        9


Dungeon Overview and Level Annotations

Branches:
Dungeon (15/15)            Temple (1/1) D:4            Lair (5/5) D:8
  Swamp (4/4) Lair:2        Snake (4/4) Lair:3        Slime (0/5) Lair:4
    Orc (2/2) D:9             Elf (3/3) Orc:2        Vaults (5/5) D:14
  Crypt (0/3) Vaults:3     Depths (4/4) D:15            Zot (5/5) Depths:4
  Sewer (visited)

Altars:
Ashenzari
Cheibriados
Dithmenos
Elyvilon
Fedhas
Gozag
Hepliaklqana
Kikubaaqudgha
Makhleb
Nemelex Xobeh
Okawaru
Qazlal
Ru
Sif Muna
Trog
Uskayaw
Vehumet
Wu Jian
Xom
Yredelemnul
Zin
The Shining One
Jiyva

Shops:
D:13 =   Orc:1 [(   Orc:2 ??![=   Elf:2 :   Snake:1 :   Snake:3 [   Snake:4 !
Vaults:2 !   Depths:1 =:

Portals:
Hell: Depths:1 Depths:2 Depths:3 Depths:4
Abyss: Depths:1 Depths:3
Pandemonium: Depths:2 Depths:3
Ziggurat: Depths:1

Annotations:
D:2 1 runed translucent door, Crazy Yiuf
D:11 3 runed translucent doors, ShangFenghuang's ghost, journeyman GnIE
Lair:4 exclusion: oklob plant
Lair:5 1 exclusion


Innate Abilities, Weirdness & Mutations

Your serpentine skin is tough. (AC +8)
You have supernaturally acute eyesight. (SInv)
Armour fits poorly on your strangely shaped body.
Your system is resistant to poisons. (rPois)
You cover ground very slowly.
You can spit poison.
You can use your snake-like lower body to constrict enemies.
You are partially covered in iridescent scales. (AC +2)
You do not regenerate when monsters are visible.


Message History

You thrash the blizzard demon!! You burn the blizzard demon.
You kill the blizzard demon!
Cheibriados appreciates the change of pace.
(D) Dungeon (T) Temple (L) Lair (S) Swamp (P) Snake Pit (M) Slime Pits (O) Orcish Mines (E) Elven Halls (V) Vaults (C) Crypt (U) Depths (H) Hell (Z) Zot
Where to? (Tab/Enter - D:1 @ (x,y), ? - help)
There is a stone staircase leading up here.
HP restored.
You climb upwards.
There is a stone staircase leading down here.
There is a stone staircase leading up here.
You climb upwards.
Level annotation: 1 runed translucent door, Crazy Yiuf
There is a stone staircase leading down here.
There is a stone staircase leading up here.
You climb upwards.
There is a stone staircase leading down here.
A soul eater comes into view.
The soul eater moves out of view.
The soul eater attacks as it pursues you!
You block the soul eater's attack. x2
The soul eater attacks as it pursues you!
You block the soul eater's attack. x2
The soul eater hits you but does no damage.
The soul eater barely misses you.
The soul eater is temporarily struck blind!
You block the soul eater's attack. The soul eater completely misses you.
You block the soul eater's attack. x2
The soul eater is no longer blind.
The soul eater hits you but does no damage.
You block the soul eater's attack.
The soul eater attacks as it pursues you!
The soul eater completely misses you. You block the soul eater's attack.
There is a staircase leading out of the dungeon here.
The soul eater closely misses you.
The soul eater is blinded by the light from your cloak!
You have escaped!

######.......##.#...........#.#.#
.............##.##.########.#.#.#
.............##.#.......# #.#.#.#
.............##.#.[#....###.#.#.#
###############.######...##.#.#.#
#.............#.#.#
#######..########.##.#.#
#.......3........(##.#.#
#.##..#@#>##..##..##.#.#
#.....##.###......##.#.#
#.##.##### ##.##..##.#.. #.>###
###>..##.... #.##.##
#####.##....>#..
#.....###.##.......###..
#.##..##>#.#..##..## #..
#.................# #..
########..........# #..


You could see a soul eater (blind).

Vanquished Creatures
  A seraph (D:4)
  A dread lich (Vaults:5)
  Mara (Snake:3)
  An ancient lich (Vaults:5)
  6 orbs of fire (Zot:5)
  Tiamat (Zot:4)
  Margery (Vaults:4)
  Vashnia (Snake:2)
  A Killer Klown (Zot:5)
  9 golden dragons
  A caustic shrike (Depths:2)
  Nikola (Elf:3)
  Norris (Elf:3)
  A bone dragon (Vaults:3)
  2 electric golems (Zot:5)
  Jorgrun (Snake:2)
  8 tentacled monstrosities
  Mlioglotl (Swamp:2)
  An Ice Fiend (Zot:2)
  23 Orb Guardians
  4 quicksilver dragons
  3 deep elf blademasters
  3 liches
  9 titans
  An Executioner (Depths:4)
  2 deep elf master archers (Elf:3)
  3 death cobs
  6 sphinxes
  Aizul (Swamp:4)
  11 tengu reavers
  Roxanne (Elf:2)
  3 draconian monks
  5 storm dragons
  7 shadow dragons
  6 nagarajas (Snake:4)
  7 fire giants
  A fenstrider witch (Swamp:1)
  4 iron dragons
  Louise (Swamp:3)
  A draconian knight (Zot:3)
  4 deep elf sorcerers
  6 draconian scorchers
  8 vault wardens
  7 frost giants
  6 deep elf elementalists (Elf:3)
  3 orc warlords
  23 ironbound preservers
  5 draconian annihilators
  14 stone giants
  3 draconian stormcallers
  2 draconian shifters
  A spriggan defender (Depths:4)
  A reaper (D:11)
  2 ghouls (Swamp:1)
  2 war gargoyles
  12 very ugly things
  A vampire knight (Depths:4)
  9 ironbound thunderhulks
  2 formless jellyfish (Vaults:1)
  6 green draconians
  9 deep elf annihilators (Elf:3)
  4 eleionomae
  5 black draconians
  8 deep elf demonologists
  A lorocyproca (D:4)
  7 red draconians
  7 white draconians
  7 purple draconians
  4 yellow draconians
  5 dire elephants
  9 spark wasps
  6 deep elf death magi
  A bunyip (Swamp:3)
  7 ettins
  2 eidola (Vaults:1)
  A blizzard demon (D:4)
  Josephine (Orc:1)
  An entropy weaver (D:14)
  8 fire dragons
  7 yaktaur captains
  7 great orbs of eyes
  4 rakshasas
  A shambling mangrove (Swamp:4)
  The ghost of lunkers the Martial Artist, a journeyman MeSh of Okawaru (Orc:1)
  3 deep elf high priests
  A salamander tyrant (Snake:4)
  33 vault guards
  10 anacondas
  2 ogre magi
  A sphinx zombie (Vaults:2)
  2 peacekeepers
  A ghost crab (Swamp:3)
  2 hell beasts
  18 hydras
  10 alligators
  A death knight (D:13)
  12 ironbound frosthearts
  13 boulder beetles
  6 ice dragons
  4 spriggan air magi
  A catoblepas (shapeshifter) (Vaults:5)
  A two-headed ogre (D:10)
  21 centaur warriors
  Erica (Lair:1)
  5 death yaks (Lair:4)
  7 tengu warriors
  15 deep troll shamans
  29 dancing weapons
  15 naga warriors
  5 spriggan berserkers
  2 vampire magi (Depths:2)
  Urug (Lair:1)
  22 naga sharpshooters
  2 orc high priests
  10 deep troll earth magi
  2 shock serpents
  A demonic crawler (Zot:2)
  Sonja (Orc:1)
  A skyshark (shapeshifter) (Depths:1)
  Nergalle (D:12)
  8 deep elf knights
  20 hell knights
  2 sun demons
  Amaemon (Lair:1)
  A titan skeleton (Vaults:2)
  A skeletal warrior (D:13)
  7 iron trolls
  4 salamander mystics
  3 skysharks
  4 goliath frogs
  4 spriggan druids
  12 sea snakes
  A cherub (D:4)
  72 deep trolls
  8 deep elf archers
  A death drake (shapeshifter) (Depths:1)
  14 swamp dragons
  7 bog bodies
  3 phantasmal warriors (Vaults:5)
  3 glowing orange brains
  15 lindwurms
  A tengu zombie (Vaults:2)
  A steelbarb worm (shapeshifter) (Vaults:5)
  8 naga ritualists
  6 wizards
  17 ironbound convokers
  7 necromancers
  10 harpies (Vaults:1)
  21 deep elf zephyrmancers
  8 orc knights
  8 cyclopes
  2 wolf spiders (D:13)
  5 manticores
  26 deep elf pyromancers
  12 orc sorcerers
  32 ugly things
  9 mana vipers
  18 salamanders
  8 moths of wrath
  6 will-o-the-wisps
  21 vault sentinels
  27 black mambas
  A rust devil (D:15)
  A black mamba (shapeshifter) (Elf:2)
  2 guardian serpents
  23 naga magi
  A torpor snail (D:14)
  An orange demon (Lair:1)
  25 cane toads
  2 gargoyles
  An unseen horror (D:13)
  A rime drake (Lair:2)
  3 kobold demonologists
  4 freezing wraiths
  12 komodo dragons
  A tormentor (Depths:1)
  A human skeleton (Vaults:2)
  18 yaktaurs
  2 tengu conjurers
  An efreet (D:13)
  A yaktaur (shapeshifter) (Elf:1)
  9 tyrant leeches
  5 trolls
  A wolf spider simulacrum (D:13)
  2 polar bears (Depths:4)
  Grinder (D:5)
  3 meliai (D:13)
  A tarantella (shapeshifter) (D:13)
  20 hornets
  28 blink frogs
  44 slime creatures
  18 spriggans
  37 yaks
  An air elemental (Elf:3)
  10 wraiths
  A shadow (D:13)
  A nameless horror (Snake:2)
  4 water elementals
  5 wyverns
  3 basilisks
  4 steam dragons
  28 vampire mosquitoes
  A yaktaur simulacrum (Vaults:2)
  4 wargs
  76 nagas
  11 swamp worms
  16 water moccasins
  2 floating eyes
  9 swamp drakes
  21 orc warriors
  4 black bears
  6 ogres
  A sky beast (D:8)
  29 wolves
  3 boggarts (Vaults:2)
  2 phantoms
  4 elf zombies (Elf:1)
  A gnoll sergeant (D:12)
  18 bullfrogs
  5 earth elementals
  5 wights (D:8)
  8 killer bees
  10 howler monkeys
  16 electric eels
  9 hounds
  2 gnoll boudas
  16 orc priests
  Ijyb (D:5)
  41 orc wizards
  A hell rat (Lair:3)
  5 iguanas
  13 gnolls
  4 river rats (Sewer)
  10 adders
  A shadow imp (D:7)
  2 ufetubi
  2 worms (D:3)
  5 dart slugs
  75 orcs
  8 endoplasms
  4 giant cockroaches (D:3)
  4 goblins
  5 hobgoblins
  4 jackals (Sewer)
  5 kobolds
  7 quokkas
  12 ball pythons
  2 bats (D:3)
  9 frilled lizards
  11 rats
1915 creatures vanquished.

Vanquished Creatures (collateral kills)
  A tentacled monstrosity (Zot:3)
  A quicksilver dragon (Vaults:5)
  A titan (Vaults:5)
  2 vault wardens (Vaults:5)
  A ghoul (Swamp:1)
  A vault guard (Vaults:5)
  A skyshark (Lair:4)
  2 goliath frogs
  A mana viper (Snake:4)
  A salamander (Snake:2)
  A vault sentinel (Vaults:5)
  A black mamba (Snake:2)
  A gargoyle (D:10)
  A wraith (D:10)
  3 yaks
  A naga (Snake:2)
  A water moccasin (Lair:1)
  3 wolves (Lair:3)
24 creatures vanquished.

Vanquished Creatures (others)
  A lich (Depths:3)
  A black draconian (Zot:2)
  A bunyip (Swamp:1)
  An alligator (Swamp:1)
  3 deep elf knights
  An iron troll (Depths:4)
  A deep elf zephyrmancer (Elf:1)
  5 bloated husks
  A swamp worm (Swamp:3)
  A naga (Snake:3)
  2 orc wizards
  A shadow imp (D:7)
  30 foxfires
  2 snaplasher vines
  4 starspawn tentacles (Swamp:2)
55 creatures vanquished.

Grand Total: 1994 creatures vanquished

Notes
Turn   | Place    | Note
-------+----------+-------------------------------------------
     0 | D:1      | Midn8 the Naga Ice Elementalist began the quest for the
                  | Orb.
     0 | D:1      | Reached XP level 1. HP: 15/15 MP: 3/3
   118 | D:1      | Reached XP level 2. HP: 21/22 MP: 3/5
   791 | D:2      | Found a runed translucent door.
   792 | D:2      | Noticed Crazy Yiuf
   865 | D:2      | Reached XP level 3. HP: 21/28 MP: 5/7
   896 | D:2      | Learned a level 3 spell: Frozen Ramparts
  1123 | D:2      | Identified the +2 mace "Deomunt" {freeze, rElec Will+}
  2224 | D:3      | Reached XP level 4. HP: 36/36 MP: 7/9
  2232 | D:3      | Found a glowing drain.
  2283 | Sewer    | Entered a sewer
  2366 | Sewer    | Learned a level 3 spell: Ozocubu's Armour
  2592 | Sewer    | Reached XP level 5. HP: 42/42 MP: 11/11
  2730 | Sewer    | Reached skill level 5 in Ice Magic
  3913 | D:3      | Reached XP level 6. HP: 49/49 MP: 12/12
  4542 | D:4      | Found a staircase to the Ecumenical Temple.
  4618 | Temple   | Entered the Ecumenical Temple
  4625 | Temple   | Became a worshipper of Cheibriados the Contemplative
  4658 | D:4      | Reached skill level 1 in Fighting
  4782 | D:5      | Entered Level 5 of the Dungeon
  4862 | D:5      | Noticed Grinder
  4872 | D:5      | Paralysed by Grinder for 2 turns
  4971 | D:5      | Killed Grinder
  4972 | D:5      | Reached XP level 7. HP: 26/64 MP: 2/13
  5192 | D:5      | Noticed Ijyb
  5215 | D:5      | Killed Ijyb
  5452 | D:5      | Reached skill level 5 in Fighting
  5457 | D:5      | Learned a level 4 spell: Summon Ice Beast
  5504 | D:5      | Found a broken altar of Ashenzari.
  5551 | D:5      | Noticed a steam dragon
  5561 | D:5      | Killed a steam dragon
  5877 | D:5      | Reached XP level 8. HP: 61/74 MP: 12/14
  6127 | D:6      | Reached * piety under Cheibriados
  6272 | D:6      | Reached skill level 5 in Summonings
  6664 | D:6      | Reached ** piety under Cheibriados
  6737 | D:6      | Found a stormy altar of Qazlal.
  6737 | D:6      | Found a glowing silver altar of Zin.
  6737 | D:6      | Found a radiant altar of Vehumet.
  7233 | D:7      | Reached XP level 9. HP: 88/88 MP: 11/15
  7823 | D:7      | Learned a level 3 spell: Hailstorm
  8117 | D:8      | Reached *** piety under Cheibriados
  8223 | D:8      | Reached skill level 1 in Invocations
  8434 | D:8      | Reached skill level 5 in Invocations
  8437 | D:8      | Reached skill level 1 in Conjurations
  8440 | D:8      | Reached XP level 10. HP: 72/96 MP: 14/16
  8553 | D:8      | Found a staircase to the Lair.
  8752 | D:8      | Reached skill level 10 in Fighting
  8829 | D:8      | Reached **** piety under Cheibriados
  9682 | D:9      | Reached skill level 5 in Dodging
  9685 | D:9      | Reached ***** piety under Cheibriados
  9686 | D:9      | Reached skill level 1 in Maces & Flails
 10242 | D:9      | Found a staircase to the Orcish Mines.
 10479 | D:9      | Found a sacrificial altar of Ru.
 10504 | D:10     | Entered Level 10 of the Dungeon
 10583 | D:10     | Learned a level 1 spell: Apportation
 10997 | D:10     | Noticed a two-headed ogre
 11003 | D:10     | Killed a two-headed ogre
 11004 | D:10     | Reached XP level 11. HP: 98/112 MP: 5/17
 11258 | D:10     | HP: 7/171 [gargoyle/+2 morningstar of protection (12)]
 11541 | Lair:1   | Entered Level 1 of the Lair of Beasts
 11626 | Lair:1   | Reached skill level 5 in Maces & Flails
 11792 | Lair:1   | Noticed Urug
 11792 | Lair:1   | Noticed Amaemon
 11805 | Lair:1   | Killed Amaemon
 11961 | Lair:1   | Killed Urug
 12152 | Lair:1   | Noticed Erica
 12160 | Lair:1   | Killed Erica
 12987 | Lair:2   | Reached XP level 12. HP: 128/128 MP: 12/18
 13155 | Lair:2   | Reached ****** piety under Cheibriados
 13176 | Lair:2   | Found a staircase to the Swamp.
 13314 | Lair:2   | Reached skill level 10 in Maces & Flails
 14267 | Lair:3   | Reached skill level 10 in Ice Magic
 14962 | Lair:3   | Found a staircase to the Snake Pit.
 15566 | Lair:4   | Gained mutation: You can use your snake-like lower body to
                  | constrict enemies. [Naga growth]
 15566 | Lair:4   | Reached XP level 13. HP: 135/135 MP: 14/19
 15684 | Lair:4   | Reached skill level 5 in Spellcasting
 15860 | Lair:4   | Found a staircase to the Slime Pits.
 15861 | Lair:4   | Found a viscous altar of Jiyva.
 16186 | Lair:5   | Entered Level 5 of the Lair of Beasts
 16418 | Lair:4   | Reached skill level 15 in Fighting
 17102 | D:11     | Found a runed translucent gate.
 17102 | D:11     | Found a runed translucent gate.
 17102 | D:11     | Found a runed translucent gate.
 17107 | D:11     | Noticed ShangFenghuang's ghost (journeyman GnIE)
 18018 | D:12     | Noticed Nergalle
 18025 | D:12     | Killed Nergalle
 18360 | Orc:1    | Entered Level 1 of the Orcish Mines
 18360 | Orc:1    | Found Qesawn's Weapon Boutique.
 18421 | Orc:1    | Found a runed translucent gate.
 18422 | Orc:1    | Found a runed translucent gate.
 18423 | Orc:1    | Found a runed translucent gate.
 18423 | Orc:1    | Noticed lunkers's ghost (journeyman MeSh)
 18814 | Orc:1    | Reached XP level 14. HP: 66/150 MP: 8/23
 18820 | Orc:1    | Killed lunkers's ghost
 18928 | Orc:2    | Entered Level 2 of the Orcish Mines
 18928 | Orc:2    | Found Tacemmaoc's Magic Scroll Shoppe.
 18928 | Orc:2    | Found a staircase to the Elven Halls.
 19036 | Orc:2    | Bought a scroll of teleportation for 54 gold pieces
 19036 | Orc:2    | Bought a scroll of blinking for 135 gold pieces
 19172 | Orc:2    | Noticed an orc warlord
 19184 | Orc:2    | Killed an orc warlord
 19310 | Orc:2    | Found Impuluhi's Distillery.
 19329 | Orc:2    | Bought a potion of resistance for 150 gold pieces
 19329 | Orc:2    | Bought a potion of heal wounds for 75 gold pieces
 19371 | Orc:2    | Found a radiant altar of Vehumet.
 19562 | Orc:2    | Found Osama's Antique Armour Shop.
 19632 | Orc:2    | Reached skill level 5 in Evocations
 19720 | Orc:2    | Found an ancient bone altar of Kikubaaqudgha.
 19740 | Orc:2    | Found Obuomoz's Magic Scroll Boutique.
 19761 | Orc:2    | Bought a scroll of teleportation for 36 gold pieces
 19768 | Orc:2    | Found Leidiz's Jewellery Shop.
 19917 | Orc:2    | Bought the ring of Kuraxagi {rElec rC+ Will+ AC+4 Str-2}
                  | for 817 gold pieces
 20409 | Orc:1    | Noticed Josephine
 20525 | Orc:1    | Killed Josephine
 20628 | Orc:1    | Found Zofaud's Antique Armour Emporium.
 20629 | Orc:1    | Noticed Sonja
 20632 | Orc:1    | Killed Sonja
 20647 | Orc:1    | Bought a helmet for 139 gold pieces
 20875 | Orc:2    | Bought a scroll of enchant armour for 90 gold pieces
 20875 | Orc:2    | Bought a scroll of enchant armour for 90 gold pieces
 21352 | D:13     | Found Kugreihuidd's Jewellery Emporium.
 21409 | D:13     | Reached skill level 10 in Invocations
 21473 | D:13     | Reached XP level 15. HP: 143/157 MP: 9/24
 21725 | D:13     | Noticed a tengu reaver
 21739 | D:13     | Killed a tengu reaver
 22045 | D:13     | Learned a level 2 spell: Lesser Beckoning
 22052 | D:13     | Learned a level 2 spell: Blink
 22074 | D:13     | Reached skill level 10 in Dodging
 22269 | D:13     | Reached skill level 1 in Shields
 22516 | D:13     | Got a fuliginous book
 23071 | D:14     | Found an iron altar of Okawaru.
 23109 | D:14     | You fall into a shaft and drop 1 floor!
 23109 | D:15     | Entered Level 15 of the Dungeon
 23148 | D:15     | Reached skill level 5 in Shields
 23335 | D:14     | Found a transporter.
 23372 | D:14     | Found a transporter.
 23595 | D:14     | Found a gate to the Vaults.
 23916 | D:15     | Found an opulent altar of Gozag.
 24267 | D:15     | Identified the amulet "Lahuneom" {Reflect Rampage rF++ MP+9
                  | SH+5}
 24424 | D:15     | Found a staircase to the Depths.
 24424 | D:15     | Noticed a frost giant
 24441 | D:15     | Killed a frost giant
 25169 | Lair:5   | Reached skill level 1 in Translocations
 25269 | Lair:5   | Reached XP level 16. HP: 165/165 MP: 25/25
 25432 | Lair:5   | Reached skill level 5 in Translocations
 25633 | Lair:5   | Identified the +4 glaive of Thoughtfulness {freeze, rC+
                  | Int+4}
 26042 | Snake:1  | Entered Level 1 of the Snake Pit
 26134 | Snake:1  | Learned a level 5 spell: Summon Forest
 26334 | Snake:1  | Identified 2 scrolls of acquirement
 26336 | Snake:1  | Acquired the +1 barding "Oluskuxe" {Str+3 Dex+2}
 26365 | Snake:1  | Acquired the +2 barding "Duezaota" {rF+ Str+4 Dex+3}
 26532 | Snake:1  | Reached skill level 1 in Armour
 26713 | Snake:1  | Found Qimny's Book Boutique.
 26785 | Snake:1  | Bought a book of the Earth for 432 gold pieces
 27177 | Snake:2  | Reached skill level 5 in Armour
 27234 | Snake:2  | Noticed Vashnia
 27291 | Snake:2  | Noticed Jorgrun
 27310 | Snake:2  | Killed Jorgrun
 27311 | Snake:2  | Reached XP level 17. HP: 134/172 MP: 12/26
 27613 | Snake:2  | Killed Vashnia
 28683 | Orc:2    | Bought an amulet of reflection for 420 gold pieces
 29149 | Snake:3  | Found Votsoig's Antique Armour Emporium.
 29154 | Snake:3  | Bought a spiked scale mail for 414 gold pieces
 29154 | Snake:3  | Identified the +3 scale mail "Xysigri" {Int-4 Dex+8} (You
                  | bought it in a shop on level 3 of the Snake Pit)
 29213 | Snake:3  | Noticed Mara
 29247 | Snake:3  | Noticed Midn8's illusion
 29258 | Snake:3  | Killed Mara
 29722 | Snake:3  | Reached skill level 10 in Shields
 30186 | Snake:4  | Entered Level 4 of the Snake Pit
 30461 | Snake:4  | Found Giotoorr's Distillery.
 30529 | Snake:4  | Reached XP level 18. HP: 156/181 MP: 23/30
 30950 | Snake:4  | Reached skill level 5 in Conjurations
 31115 | Snake:4  | Got a serpentine rune of Zot
 31202 | Snake:4  | Found a shimmering altar of Xom.
 31492 | Swamp:1  | Entered Level 1 of the Swamp
 31507 | Swamp:1  | Learned a level 6 spell: Bombard
 31549 | Swamp:1  | Reached skill level 1 in Earth Magic
 31666 | Swamp:1  | Acquired a staff of conjuration
 31771 | Swamp:1  | Reached skill level 5 in Earth Magic
 32208 | Swamp:2  | Noticed Mlioglotl
 32228 | Swamp:2  | Killed Mlioglotl
 32920 | Swamp:3  | Noticed Louise
 32934 | Swamp:3  | Killed Louise
 33260 | Swamp:4  | Entered Level 4 of the Swamp
 33437 | Swamp:4  | Reached XP level 19. HP: 188/188 MP: 25/31
 33671 | Swamp:4  | Got a decaying rune of Zot
 33909 | Swamp:4  | Noticed Aizul
 33919 | Swamp:4  | Killed Aizul
 34340 | Elf:1    | Entered Level 1 of the Elven Halls
 34676 | Elf:1    | Reached skill level 10 in Earth Magic
 34777 | Elf:1    | Reached skill level 10 in Conjurations
 34789 | Elf:1    | Got a foxed book
 35168 | Elf:1    | Found a portal to a secret trove of treasure.
 35457 | Elf:2    | Found Qingahof's Book Shoppe.
 35600 | Elf:2    | Found a runed translucent gate.
 35600 | Elf:2    | Found a runed translucent gate.
 35601 | Elf:2    | Found a runed translucent gate.
 35657 | Elf:2    | Noticed Roxanne
 35669 | Elf:2    | Killed Roxanne
 36311 | Elf:3    | Entered Level 3 of the Elven Halls
 36470 | Elf:3    | Reached XP level 20. HP: 192/196 MP: 32/32
 36943 | Elf:3    | Noticed Nikola
 36963 | Elf:3    | Killed Nikola
 37135 | Elf:3    | Identified the +5 halberd "Jeoguluf" {drain, rElec rF++ rC+
                  | Int-4}
 37335 | Elf:3    | Found the +3 pair of gauntlets of War {Slay+5}
 37493 | Elf:3    | Got a glossy book
 37531 | Elf:3    | Identified the +4 halberd of the Manifold Yaks {venom,
                  | rCorr Dex+3}
 37532 | Elf:3    | Identified the +5 scale mail of the Hairy God {-Tele Int+3
                  | Dex+4 Slay+3}
 37532 | Elf:3    | Noticed Norris
 37550 | Elf:3    | Killed Norris
 37605 | Elf:3    | Identified the +6 dagger "Reruxiu" {flame, Will+}
 37606 | Elf:3    | Identified the staff "Juec" {rElec rF- rCorr Stlth- Air
                  | Earth}
 37635 | Elf:3    | Identified the staff "Leiw" {Fly rN+ Will+ Dex+4 Earth}
 37643 | Elf:3    | Identified the +4 chain mail of Zin's Brutal Revenge
                  | {Str+5}
 38054 | Vaults:1 | Entered Level 1 of the Vaults
 38614 | Vaults:1 | Reached XP level 21. HP: 63/205 MP: 27/33
 39820 | Vaults:2 | Learned a level 5 spell: Irradiate
 39880 | Vaults:2 | Reached skill level 1 in Transmutations
 39935 | Vaults:2 | Found Hiywier's Distillery.
 39964 | Vaults:2 | Bought a potion of curing for 54 gold pieces
 39964 | Vaults:2 | Bought a potion of curing for 54 gold pieces
 39964 | Vaults:2 | Bought a potion of heal wounds for 90 gold pieces
 39964 | Vaults:2 | Bought a potion of might for 72 gold pieces
 39964 | Vaults:2 | Bought a potion of might for 72 gold pieces
 39964 | Vaults:2 | Bought a potion of might for 72 gold pieces
 40340 | Vaults:2 | Identified the +0 robe of the Chimera {Rampage +Inv rC-
                  | Stlth-}
 41823 | Vaults:3 | Noticed a bone dragon
 41826 | Vaults:3 | Found a staircase to the Crypt.
 41848 | Vaults:3 | Killed a bone dragon
 42054 | Vaults:3 | Reached XP level 22. HP: 209/218 MP: 7/34
 43043 | Vaults:3 | Reached skill level 10 in Evocations
 44123 | Vaults:4 | Noticed Margery
 44288 | Vaults:4 | Killed Margery
 44727 | Elf:1    | You paid a toll of a +7 demon blade to enter a treasure
                  | trove
 44728 | Trove    | Entered a treasure trove
 44735 | Trove    | Identified the +0 ring mail of the Turtle {+Blink rF-
                  | Stlth+}
 44737 | Trove    | Found the +1 cloak of Starlight {*Dazzle EV+4 Stlth--}
 44753 | Trove    | Identified the +1 helmet of the Hidden Geomancers {rPois
                  | rCorr Int+5 Dex-5}
 44768 | Trove    | Identified the scarf "Gifracka" {+Inv, Harm rC++ Str-2
                  | Int+3}
 44774 | Trove    | Identified the +0 helmet of Failure {Str+2}
 44775 | Trove    | Identified the +2 pair of gloves of Vanity {rCorr Int+3}
 44776 | Trove    | Identified the +2 cloak of Duty {Harm Regen+}
 45403 | Vaults:4 | Identified the +3 spear of the Mind {chaos, rElec Dex+4}
 45714 | Vaults:4 | Found the +3 Mad Mage's Maulers {Infuse+∞ VampMP -Cast}
 46192 | Depths:1 | Entered Level 1 of the Depths
 46192 | Depths:1 | Found a one-way gateway to a ziggurat.
 46301 | Depths:1 | Identified the +0 war axe of the Tundras {flame, rElec
                  | rPois rN+}
 46333 | Depths:1 | Found a gateway to Hell.
 46378 | Depths:1 | Found Zaevuc's Jewellery Shoppe.
 47635 | Depths:1 | Reached skill level 10 in Spellcasting
 47635 | Depths:1 | Reached XP level 23. HP: 120/235 MP: 25/37
 47661 | Depths:1 | HP: 6/235 [fire dragon/blast of flame (20)]
 47952 | Depths:1 | Found a one-way gate to the infinite horrors of the Abyss.
 48034 | Depths:1 | Identified the ring of Lady Luck {Ice Str+6 Dex-3}
 48076 | Depths:1 | Found Kaixityu's Tremendous Tomes.
 48754 | Orc:2    | Bought a scroll of enchant weapon for 90 gold pieces
 48780 | Orc:2    | Bought the ring of Xatzesas {rElec rN+ rCorr Dex+6} for 837
                  | gold pieces
 49345 | Depths:2 | Noticed a caustic shrike
 49347 | Depths:2 | Noticed a golden dragon
 49354 | Depths:2 | Killed a caustic shrike
 49371 | Depths:2 | Killed a golden dragon
 49517 | Depths:2 | Identified the +8 chain mail of the Painted Ladybird
                  | {Rampage rN+ Str+3}
 49636 | Depths:2 | Found a one-way gate leading to the halls of Pandemonium.
 49764 | Depths:2 | Reached skill level 15 in Earth Magic
 49766 | Depths:2 | Reached skill level 15 in Conjurations
 51086 | Depths:4 | Entered Level 4 of the Depths
 51103 | Depths:4 | Noticed a golden dragon
 51117 | Depths:4 | Killed a golden dragon
 51655 | Depths:4 | Found a gate to the Realm of Zot.
 52119 | Depths:4 | Reached XP level 24. HP: 226/244 MP: 37/37
 52439 | Depths:4 | Learned a level 7 spell: Spellforged Servitor
 53031 | Vaults:5 | Entered Level 5 of the Vaults
 53221 | Vaults:5 | Noticed an ancient lich
 53230 | Vaults:5 | Killed an ancient lich
 53290 | Vaults:5 | Noticed a dread lich
 53309 | Vaults:5 | Killed a dread lich
 53318 | Vaults:5 | Reached skill level 10 in Summonings
 53496 | Vaults:5 | Identified the ring "Pokk" {Will+ SInv}
 53568 | Vaults:5 | Got a tattered book
 54469 | Vaults:5 | Identified the +1 plate armour of Piguch {rCorr Str+4
                  | Int+2}
 54503 | Vaults:5 | Got a silver rune of Zot
 54618 | Vaults:5 | Learned a level 8 spell: Lehudib's Crystal Spear
 55068 | Vaults:5 | Acquired the +5 barding "Xuot Doa" {rF+ rN++ rCorr Stlth+}
 55082 | Vaults:5 | Acquired the ring of the Final Chapter {rC+ Str+6 Dex+6}
 55083 | Vaults:5 | Acquired a +3 eveningstar of protection
 55305 | Vaults:5 | Got a dog-eared book
 55892 | Zot:1    | Entered Level 1 of the Realm of Zot
 55941 | Zot:1    | Reached XP level 25. HP: 252/252 MP: 40/40
 56920 | Zot:5    | Entered Level 5 of the Realm of Zot
 56924 | Zot:5    | Found the +4 dragonskin cloak
 56924 | Zot:5    | Noticed Tiamat
 57418 | Zot:4    | Killed Tiamat
 58440 | Zot:5    | Noticed an orb of fire
 58448 | Zot:5    | Killed an orb of fire
 58604 | Zot:5    | Noticed an orb of fire
 58604 | Zot:5    | Gained mutation: You occasionally lose the ability to drink
                  | potions when taking damage. [an orb of fire]
 58610 | Zot:5    | Killed an orb of fire
 58614 | Zot:5    | Noticed an orb of fire
 58616 | Zot:5    | Killed an orb of fire
 58625 | Zot:5    | Noticed a Killer Klown
 58635 | Zot:5    | Killed a Killer Klown
 58638 | Zot:5    | Noticed an orb of fire
 58640 | Zot:5    | Killed an orb of fire
 58641 | Zot:5    | Noticed an orb of fire
 58646 | Zot:5    | Killed an orb of fire
 58659 | Zot:5    | Noticed an orb of fire
 58666 | Zot:5    | Gained mutation: You occasionally lose the ability to read
                  | scrolls when taking damage. [an orb of fire]
 58706 | Zot:5    | Killed an orb of fire
 58707 | Zot:5    | Reached XP level 26. HP: 181/261 MP: 8/40
 58879 | Zot:5    | Lost mutation: You occasionally lose the ability to drink
                  | potions when taking damage. [potion of mutation]
 58879 | Zot:5    | Lost mutation: You occasionally lose the ability to read
                  | scrolls when taking damage. [potion of mutation]
 58879 | Zot:5    | Gained mutation: Potions are less effective at restoring
                  | your health. [potion of mutation]
 58879 | Zot:5    | Gained mutation: You sometimes lose your temper in combat.
                  | [potion of mutation]
 58880 | Zot:5    | Lost mutation: Potions are less effective at restoring your
                  | health. [potion of mutation]
 58880 | Zot:5    | Lost mutation: You sometimes lose your temper in combat.
                  | [potion of mutation]
 58880 | Zot:5    | Gained mutation: You do not regenerate when monsters are
                  | visible. [potion of mutation]
 58880 | Zot:5    | Gained mutation: You are partially covered in iridescent
                  | scales. (AC +2) [potion of mutation]
 59104 | Zot:5    | Got the Orb of Zot
 59235 | Zot:2    | Noticed Ysoet the pandemonium lord
 59343 | Depths:1 | Noticed Tupy the pandemonium lord
 59440 | D:13     | Noticed a seraph
 59596 | D:4      | Noticed a seraph
 59601 | D:4      | Killed a seraph
 59731 | D:$      | Escaped with the Orb!

Illustrated notes

Levels and vault maps discovered:
D:1:      onia_arrival_handbag, layout_basic
D:2:      layout_loops_ring, shapermc_ecumenical_altar_petra,
          nicolae_concentric_dashed_squares_wild, kennysheep_nub,
          uniq_crazy_yiuf_cottage
D:3:      minmay_general_purpose_star, layout_basic, gup_sewer_entry_glass
D:4:      layout_basic, minmay_temple_entry_crystal_x
D:5:      layout_basic, nicolae_ashenzari_skybound, minmay_manual_mail,
          uniq_ijyb, uniq_grinder
D:6:      layout_basic, gammafunk_temple_overflow_claw
D:7:      layout_cave_pods
D:8:      layout_cave_pools, erik_lair_island
D:9:      layout_cave_pools, nicolae_ru_path_of_blood, erik_orc_2,
          serial_rivers, chequers_serial_rivers_micro_e,
          chequers_serial_rivers_micro_b, chequers_serial_rivers_room_b,
          chequers_serial_rivers_large_b, chequers_serial_rivers_small_a
D:10:     layout_basic
D:11:     layout_long_grid, gammafunk_ghost_necromancy
D:12:     layout_loops_cross, kennysheep_crisscross, uniq_nergalle
D:13:     minmay_the_grid_square_5x5_4x4 [minmay_the_grid_square_5x5_misaligned,
          minmay_the_grid_square_5x5_three_walls,
          minmay_the_grid_square_5x5_fat_x,
          minmay_the_grid_square_5x5_eight_small,
          minmay_the_grid_square_5x5_half_checkered,
          minmay_the_grid_square_5x5_prize_gold,
          minmay_the_grid_square_5x5_prize_deathbox,
          minmay_the_grid_square_5x5_comb, minmay_the_grid_square_5x5_empty,
          minmay_the_grid_square_5x5_prize_itemx,
          minmay_the_grid_square_5x5_prize_monsterx,
          minmay_the_grid_square_5x5_one_wall,
          minmay_the_grid_square_5x5_hollow_slash,
          minmay_the_grid_square_5x5_inner_v,
          minmay_the_grid_square_5x5_three_small, minmay_the_grid_square_5x5_v],
          layout_irregular_city, serial_shops, nicolae_shop_crystal,
          grunt_ministairs_9
D:14:     gammafunk_boulding_lane, layout_loops_ring,
          hellmonk_vaults_order_and_chaos, small_statue_alley_a,
          okawaru_gym_becter
D:15:     grunt_enter_depths_snipers, layout_stronghold,
          portal_ice_cave_entry_pillars_1, grunt_gozag_breadcrumbs,
          grunt_decor_cap
Temple:   sentei_temple_godly_chess
Lair:1:   layout_regular_city, hibernation_bobbens, infiniplex_staircase_pool,
          serial_bayou_shore_a, grunt_megastairs_5, uniq_amaemon, uniq_erica,
          uniq_urug
Lair:2:   layout_chaotic_city, minmay_swamp_entry_wisps, grunt_megastairs_3
Lair:3:   layout_regular_city, nicolae_snake_entry_squirm, wad_woods_river_01
Lair:4:   layout_long_grid, minmay_slime_entry_oklob_open
Lair:5:   minmay_lair_end_frog_pond, layout_big_grid
Swamp:1:  layout_basic_swamp, wheals_swamp_sinkhole
Swamp:2:  layout_falls_marsh, evilmike_swamp_ruin_house_6, uniq_mlioglotl
Swamp:3:  layout_basic_swamp, serial_swamp_ruin, hangedman_swamp_ruin_wall,
          evilmike_swamp_ruin_house_1, swamp_pool5, uniq_louise
Swamp:4:  swamp, layout_basic_swamp, uniq_aizul
Snake:1:  layout_onion_interference, serial_shops, nicolae_book_shop_shelving
Snake:2:  layout_basic, uniq_jorgrun, uniq_vashnia
Snake:3:  layout_onion_interference, special_room, serial_shops, shop, uniq_mara
Snake:4:  minmay_snake_end_coiled, layout_cave_shapes, basic_altar,
          nicolae_wooded_promenade, serial_bayou_pond_d
Orc:1:    layout_caves, gammafunk_ghost_split, serial_shops, shop, shop,
          uniq_sonja, uniq_josephine
Orc:2:    kennysheep_orc_mage_school, layout_caves, serial_shops, shop
Elf:1:    eino_elf_arrival_sip, layout_loops_corners, trove_entry_hex_spiral,
          minmay_elf_necromancy
Elf:2:    elven_hall_of_blades_hangedman_original
          [nicolae_blade_entry_crossed_weapons], layout_geoelf_octagon,
          serial_shops, shop, st_stairs_10, uniq_roxanne
Elf:3:    grunt_elf_hall_asides, layout_loops_corners,
          amcnicky_mini_rare_corridor_liquid, minivault_4, uniq_norris,
          uniq_nikola
Vaults:1: nicolae_vaults_stand_back, hangedman_vaults_variations,
          nicolae_vaults_sightless_eye, nicolae_vaults_little_squares_4,
          ontoclasm_vaults_hangar, nicolae_vaults_puzzle_piece,
          hangedman_vaults_locks, v_misc_28, hangedman_vaults_nodes,
          nicolae_vaults_tetromino_T_2, layout_vaults_omnibox
Vaults:2: nicolae_vaults_arrows, nicolae_vaults_inception_network,
          nicolae_vaults_little_squares_3, vaults_room_semicircle, v_rooms_2,
          hangedman_vaults_stretched_pinwheel, vaults_standard_mumra_x,
          layout_vaults_omnicross, serial_shops, shop
Vaults:3: nicolae_vaults_an_arrangement, nicolae_vaults_tetromino_T_2,
          minmay_crypt_entry_nasty_monster, ontoclasm_vaults_twist, v_misc_28,
          nicolae_vaults_house_2, vaults_mumra_chevron_long,
          nicolae_vaults_diagonal_hallway_7, nicolae_vaults_trapezoid_layered,
          ontoclasm_vaults_spin, vaults_room_fancy_cross,
          nicolae_vaults_trapezoid_3, vaults_room_door_ring,
          layout_vaults_big_room
Vaults:4: grunt_vaults_funnel, v_misc_12, nicolae_vaults_trapezoid_2, v_misc_18,
          nicolae_vaults_weapon_check, nicolae_vaults_alarming,
          nicolae_vaults_rhombus_6, ontoclasm_vaults_loading_screen,
          layout_vaults_omnigrid, uniq_margery
Vaults:5: serial_shops
Depths:1: layout_cave_pools, enter_ziggurat_b, abyss_entry_small_statue_room,
          hell_entry, wad_floor_pattern_2, serial_shops, shop,
          chequers_serial_rivers_marsh, minivault_16,
          nicolae_shop_i_like_big_books, kennysheep_flooded_box,
          minmay_alternating_orb
Depths:2: kennysheep_green_arena, layout_basic, rand_demon_pan_entry_1,
          hangedman_decor_peaks_small, grunt_metal_band, drop_trap,
          minmay_hedge_maze
Depths:3: minmay_diamond_stairs, layout_gridlike, pan_entry,
          abyss_entry_glasseish, pf_vacation_house_of_asmodeus,
          infiniplex_staircase_pool_lava
Depths:4: evilmike_zot_entry_round, layout_cave_pools, hell_entry,
          hangedman_glass_teeth, kilobyte_rumbling_trees
Zot:1:    layout_basic
Zot:2:    layout_basic
Zot:3:    layout_onion, grunt_ministairs_9, st_stairs_9, guppyfry_library_mini
Zot:4:    layout_gridlike, st_stairs_3, bh_zot_ikea_curve
Zot:5:    layout_onion, uniq_tiamat

Skill      XL: |  1  2  3  4  5  6  7  8  9 10 11 12 13 14 15 16 17 18 19 20 21 22 23 24 25 26 |
---------------+-------------------------------------------------------------------------------+-----
Spellcasting   | 3 4 6 8 10 13 | 13.2
Ice Magic      | 5 6 8 10 | 10.0
Fighting       | 4 5 8 11 14 16 18 20 | 20.0
Stealth        | 4 |  4.0
Summonings     | 3 6 8 10 | 10.6
Invocations    | 6 10 | 10.0
Conjurations   | 2 3 7 11 13 14 16 19 | 19.0
Dodging        | 5 7 8 10 | 10.9
Maces & Flails | 4 8 10 11 12 | 12.0
Evocations     | 6 8 10 | 10.0
Shields        | 8 11 12 | 12.0
Translocations | 2 6 8 |  8.0
Armour         | 6 8 9 |  9.0
Earth Magic    | 8 11 13 14 16 17 19 20 | 20.9
Transmutations | 4 |  4.0

Action                     |  1- 3 |  4- 6 |  7- 9 | 10-12 | 13-15 | 16-18 | 19-21 | 22-24 | 25-27 || total
---------------------------+-------+-------+-------+-------+-------+-------+-------+-------+-------++-------
  Melee: Unarmed           |     7 |       |       |       |       |       |       |       |       ||     7
         Mace              |    25 |    82 |    89 |    26 |       |       |       |       |       ||   222
         Punch             |       |       |     2 |     4 |    17 |       |       |       |       ||    23
         Whip              |       |       |       |    69 |       |       |       |       |       ||    69
         Morningstar       |       |       |       |   180 |   144 |       |       |       |       ||   324
         Constrict         |       |       |       |       |   164 |   294 |   249 |   219 |    51 ||   977
         Demon whip        |       |       |       |       |   728 |  1387 |  1375 |  1432 |   622 ||  5544
         Staff             |       |       |       |       |       |       |       |    48 |     6 ||    54
  Throw: Dart              |       |       |       |     1 |     7 |       |       |     4 |     9 ||    21
         Boomerang         |       |       |       |     2 |     9 |       |       |       |       ||    11
   Cast: Freeze            |    20 |    45 |    24 |    10 |       |       |       |       |       ||    99
         Frozen Ramparts   |     1 |     6 |    29 |    60 |    64 |    55 |    48 |    26 |     1 ||   290
         Ozocubu's Armour  |       |     1 |     8 |    34 |    20 |    14 |     5 |     6 |       ||    88
         Hailstorm         |       |       |     1 |    25 |    53 |    22 |     5 |       |       ||   106
         Summon Ice Beast  |       |       |       |     5 |     3 |     1 |       |       |       ||     9
         Lesser Beckoning  |       |       |       |       |     1 |    65 |    16 |    16 |     5 ||   103
         Apportation       |       |       |       |       |       |     4 |     1 |       |     1 ||     6
         Summon Forest     |       |       |       |       |       |     6 |     1 |     2 |       ||     9
         Bombard           |       |       |       |       |       |       |    51 |   150 |    46 ||   247
         Irradiate         |       |       |       |       |       |       |     1 |    14 |     6 ||    21
         Lehudib's Crystal |       |       |       |       |       |       |       |     3 |    21 ||    24
         Spellforged Servi |       |       |       |       |       |       |       |     1 |     2 ||     3
 Invoke: Slouch            |       |       |       |     1 |     5 |     3 |     2 |     5 |     9 ||    25
         Bend Time         |       |       |       |       |       |     1 |       |       |       ||     1
         Temporal Distorti |       |       |       |       |       |       |     1 |       |     1 ||     2
         Step From Time    |       |       |       |       |       |       |       |     1 |       ||     1
Ability: Spit Poison       |    33 |    41 |    11 |    44 |    25 |     8 |     5 |     4 |       ||   171
  Evoke: Wand              |       |     6 |       |    17 |    11 |     1 |     5 |     2 |    16 ||    58
         Condenser vane    |       |       |       |       |       |       |     1 |       |     1 ||     2
         Phial of floods   |       |       |       |       |       |       |       |     1 |       ||     1
    Use: Scroll            |       |     6 |     4 |    15 |    11 |    10 |       |    14 |    15 ||    75
         Potion            |       |     2 |       |     2 |     2 |       |     1 |     6 |    13 ||    26
   Stab: Sleeping          |     1 |     3 |     1 |     1 |     5 |     6 |    16 |     1 |     2 ||    36
         Distracted        |       |       |       |     1 |     4 |     7 |     2 |     1 |     1 ||    16
         Invisible         |       |       |       |       |       |       |       |    17 |    11 ||    28
         Paralysed         |       |       |       |       |       |       |       |     1 |       ||     1
 Armour: Robe              |    36 |    87 |    23 |       |       |       |       |       |       ||   146
         Skin              |       |     8 |       |     6 |       |       |       |       |       ||    14
         Leather armour    |       |       |    53 |       |       |       |       |       |       ||    53
         Steam dragon scal |       |       |    78 |    36 |       |       |       |       |       ||   114
         Troll leather arm |       |       |       |   316 |   591 |   539 |   578 |   637 |   451 ||  3112
  Dodge: Dodged            |    15 |    52 |    81 |   272 |   509 |   432 |   399 |   483 |   328 ||  2571
  Block: Kite shield       |       |       |       |       |   104 |   371 |       |       |       ||   475
         Tower shield      |       |       |       |       |       |   898 |  1287 |  1527 |   774 ||  4486
         Reflection        |       |       |       |       |       |   115 |    98 |    69 |    12 ||   294

Table legend: (Time is in decaauts)
 A = Elapsed time spent in this place.
 B = Non-inter-level travel time spent in this place.
 C = Inter-level travel time spent in this place.
 D = Time resting spent in this place.
 E = Time spent auto-exploring this place.
 F = Levels seen in this place.
 G = Mean time per level.
                   A        B        C        D        E       F      G
               +--------+--------+--------+--------+--------+-----+--------+
         Total | 112600 |  95648 |  16952 |  14800 |  58383 |  50 | 2252.0 |
       Dungeon |  35182 |  27872 |   7310 |   3873 |  19137 |  15 | 2345.5 |
        Temple |     16 |     16 |      0 |      0 |      0 |   1 |   16.0 |
          Lair |  13129 |  11303 |   1826 |   1445 |   7657 |   5 | 2625.8 |
         Swamp |   5389 |   5106 |    283 |    429 |   3410 |   4 | 1347.2 |
     Snake Pit |   8993 |   8362 |    631 |   1159 |   4837 |   4 | 2248.2 |
  Orcish Mines |   6357 |   4202 |   2155 |    722 |   2579 |   2 | 3178.5 |
   Elven Halls |   8612 |   7446 |   1166 |    430 |   4754 |   3 | 2870.7 |
        Vaults |  18876 |  16491 |   2385 |   3281 |   9437 |   5 | 3775.2 |
        Depths |  10014 |   9084 |    930 |   1532 |   5317 |   4 | 2503.5 |
           Zot |   4761 |   4498 |    263 |   1633 |    787 |   5 |  952.2 |
         Trove |    251 |    251 |      0 |      0 |     11 |   1 |  251.0 |
         Sewer |   1015 |   1015 |      0 |    293 |    454 |   1 | 1015.0 |
               +--------+--------+--------+--------+--------+-----+--------+

Top non-repeatable levels by time:
   Orc:2: 4247 daAuts
Vaults:2: 4193 daAuts
Vaults:5: 4064 daAuts
    D:13: 3812 daAuts
Vaults:4: 3791 daAuts
    D:15: 3748 daAuts
  Lair:3: 3594 daAuts
Vaults:3: 3560 daAuts
   Elf:1: 3470 daAuts
    D:11: 3356 daAuts
     D:9: 3310 daAuts
Vaults:1: 3267 daAuts
   Elf:3: 3191 daAuts
    D:14: 3062 daAuts
  Lair:1: 3014 daAuts
